Calgary Flames vs Vancouver Canucks
(R1)
Created - Saturday, September 13, 2025 at 08:09
Goals
|
| Calgary Flames |
4 |
0 |
0 |
4 |
| Vancouver Canucks |
1 |
1 |
1 |
3 |
|
Shots
|
| Calgary Flames |
16 |
8 |
15 |
39 |
| Vancouver Canucks |
19 |
9 |
12 |
40 |
|
1st period
1. Calgary Flames , Joel Eriksson Ek 7 (Matthew Tkachuk 8) at 9:41
2. Calgary Flames , Matthew Tkachuk 7 (Joel Eriksson Ek 11, Pavel Zacha 3) at 11:28
3. Vancouver Canucks , Sean Couturier 10 (Bobby McMann 9) at 12:25
4. Calgary Flames , Chris Kreider 6 (J.T. Miller 20, Filip Hronek 7) at 15:36
5. Calgary Flames , Matthew Tkachuk 8 (Joel Eriksson Ek 12, Pavel Zacha 4) at 18:31
Penalties :
No Penalty
2nd period
6. Vancouver Canucks , Aleksander Barkov 18 (Connor Zary 3) at 13:18
Penalties :
Mathieu Joseph (CGY) for Hooking (Minor) at 1:04, Artturi Lehkonen (VAN) for Cross-checking (Minor) at 7:49, Anton Lundell (VAN) for High sticking (Minor) at 18:55
3rd period
7. Vancouver Canucks , Artturi Lehkonen 8 (Ryan McDonagh 8, Joel Hanley 9) at 9:30 (PP)
Penalties :
Jeremy Lauzon (CGY) for Hooking (Minor) at 9:12
Goalie Stats
Anton Forsberg (CGY), 37 saves from 40 shots - (0.925), W, 8-7-0, 60:00 minutes
Cam Talbot (VAN), 35 saves from 39 shots - (0.897), L, 9-7-0, 59:08 minutes
Players Stats for Calgary Flames
Player Name G A P +/- PIM S H SB GA TA FO MP PP MP PK MP
------------------------------------------------------------------------------------
Alec Martinez 0 0 0 -1 0 1 0 1 0 0 0/0 19:18 2:07 1:04
Ben Meyers 0 0 0 -1 0 0 2 0 0 0 0/1 11:55 0:15 0:05
Bo Horvat 0 0 0 -1 0 0 1 1 0 2 14/21 18:13 1:43 1:16
Cale Makar 0 0 0 1 0 2 2 2 1 1 0/0 22:23 1:51 1:13
Chris Kreider 1 0 1 1 0 4 3 0 0 0 0/0 16:47 2:00 0:00
Filip Hronek 0 1 1 2 0 1 0 2 0 0 0/0 18:19 0:00 0:00
J.T. Miller 0 1 1 1 0 2 2 1 1 1 10/16 17:43 2:00 0:56
Jeremy Lauzon 0 0 0 -1 2 1 2 2 0 0 0/0 19:17 2:07 1:04
Joel Eriksson Ek 1 2 3 3 0 4 0 1 1 0 3/6 13:05 0:00 0:56
Kris Letang 0 0 0 1 0 0 1 1 0 1 0/0 22:23 1:51 1:13
Mathieu Joseph 0 0 0 1 2 2 3 0 1 1 0/3 16:49 2:00 0:00
Matthew Tkachuk 2 1 3 3 0 4 1 0 2 0 0/0 12:35 0:15 0:05
Nic Dowd 0 0 0 -1 0 3 1 0 0 1 1/7 11:47 0:15 0:00
Nick Paul 0 0 0 -1 0 6 2 0 1 0 0/0 11:22 0:00 0:00
Pavel Zacha 0 2 2 3 0 3 0 0 0 0 0/2 12:09 0:00 0:00
Sebastian Aho 0 0 0 -1 0 3 1 1 1 1 1/1 18:20 1:43 1:16
Uvis Balinskis 0 0 0 2 0 1 1 1 0 1 0/0 18:18 0:00 0:00
Zach Hyman 0 0 0 -1 0 2 2 2 0 0 0/2 16:57 1:43 0:00
Players Stats for Vancouver Canucks
Player Name G A P +/- PIM S H SB GA TA FO MP PP MP PK MP
------------------------------------------------------------------------------------
Aleksander Barkov 1 0 1 -1 0 2 1 1 2 1 9/16 17:15 1:01 1:13
Anton Lundell 0 0 0 -1 2 4 6 1 0 1 2/5 22:29 0:00 1:02
Artturi Lehkonen 1 0 1 -1 2 4 1 0 0 0 0/1 18:47 1:16 0:56
Bobby McMann 0 1 1 0 0 4 2 0 2 1 0/0 13:28 0:00 0:00
Brett Leason 0 0 0 0 0 0 2 0 0 0 1/1 10:06 0:00 1:57
Casey Mittelstadt 0 0 0 0 0 1 0 0 0 0 0/3 4:35 1:16 1:38
Clayton Keller 0 0 0 -1 0 3 1 0 1 0 10/23 19:36 1:01 0:38
Connor Zary 0 1 1 -1 0 2 0 0 0 2 0/0 16:11 1:10 0:00
Emil Martinsen Lilleberg 0 0 0 -1 0 0 0 0 0 0 0/0 15:14 0:00 0:00
Jake Bean 0 0 0 -1 0 0 0 2 0 0 0/0 15:14 0:00 0:00
Jesperi Kotkaniemi 0 0 0 0 0 1 0 0 0 0 0/0 14:19 0:06 0:32
Joel Hanley 0 1 1 -1 0 2 2 1 0 0 0/0 20:30 1:11 1:54
Matias Maccelli 0 0 0 0 0 4 0 0 1 0 0/0 7:33 0:00 0:00
Mikko Rantanen 0 0 0 -1 0 6 1 1 2 0 2/2 18:14 1:01 0:00
Miro Heiskanen 0 0 0 0 0 1 1 4 0 2 0/0 24:16 1:06 2:04
Noah Hanifin 0 0 0 0 0 1 0 2 0 0 0/0 24:16 1:06 2:04
Ryan McDonagh 0 1 1 -1 0 1 0 0 0 1 0/0 20:30 1:11 1:54
Sean Couturier 1 0 1 0 0 4 1 1 1 0 6/8 13:27 0:00 0:00
3 Stars
1 - Matthew Tkachuk (CGY)
2 - Joel Eriksson Ek (CGY)
3 - Pavel Zacha (CGY)
Power Play
Calgary Flames - 0 on 2 Attempt(s) - 0.00%
Vancouver Canucks - 1 on 3 Attempt(s) - 33.33%
Penalty Kill
Calgary Flames - 2 on 3 Attempt(s) - 66.67%
- Score 0 goal in Penalty Kill
Vancouver Canucks - 2 on 2 Attempt(s) - 100.00%
- Score 0 goal in Penalty Kill
Team Stat
Calgary Flames - Hits : 24 - Faceoff Wins : 29 - Blocked Shots : 15 - Penalty Minutes : 4
Vancouver Canucks - Hits : 18 - Faceoff Wins : 30 - Blocked Shots : 13 - Penalty Minutes : 4
Official
Referees : Justin Kea and Kendrick Nicholson
Linesman : Jonny Murray and Travis Toomey
Game Notes
13:40 of 1st period - Penalty Shot by Chris Kreider for Calgary Flames - Stopped by Cam Talbot
Finance
Level 1 -- Attendance: 4527 (75.45%) -- Ticket Income $448,173
Level 2 -- Attendance: 3643 (72.86%) -- Ticket Income $214,937
Level 3 -- Attendance: 2517 (83.90%) -- Ticket Income $85,578
Level 4 -- Attendance: 3552 (71.04%) -- Ticket Income $85,248
Luxury Box -- Attendance: 701 (70.10%) -- Ticket Income $139,499
Game was played at the Rogers Arena.
Total Attendance: 14940 (74.70%)
Total Ticket Income: $973,435
Other Income: $340,702
Total Income: $1,314,137
Calgary Flames
5 vs 5 Forward
Center Left Wing Right Wing Time % Phy DF OF
1 Bo Horvat Sebastian Aho Zach Hyman 30 1 2 2
2 J.T. Miller Chris Kreider Mathieu Joseph 30 1 2 2
3 Joel Eriksson Ek Matthew Tkachuk Pavel Zacha 25 1 2 2
4 Nic Dowd Nick Paul Ben Meyers 15 1 2 2
5 vs 5 Defense
Defense Defense Time % Phy DF OF
1 Cale Makar Kris Letang 35 1 2 2
2 Filip Hronek Uvis Balinskis 35 1 2 2
3 Jeremy Lauzon Alec Martinez 30 1 2 2
4 Cale Makar Kris Letang 0 1 2 2
PowerPlay Forward
Center Left Wing Right Wing Time % Phy DF OF
1 Bo Horvat Sebastian Aho Zach Hyman 50 1 2 2
2 J.T. Miller Chris Kreider Mathieu Joseph 50 1 2 2
PowerPlay Defense
Defense Defense Time % Phy DF OF
1 Cale Makar Kris Letang 50 1 2 2
2 Jeremy Lauzon Alec Martinez 50 1 2 2
Penalty Kill 4 Players Forward
Center Wing Time % Phy DF OF
1 Bo Horvat Sebastian Aho 50 1 2 2
2 J.T. Miller Joel Eriksson Ek 50 1 2 2
Penalty Kill 4 Players Defense
Defense Defense Time % Phy DF OF
1 Cale Makar Kris Letang 50 1 2 2
2 Alec Martinez Jeremy Lauzon 50 1 2 2
Penalty Kill - 3 Players Forward
Forward Time % Phy DF OF
1 Bo Horvat 50 1 2 2
2 Sebastian Aho 50 1 2 2
Penalty Kill - 3 Players Defense
Defense Defense Time % Phy DF OF
1 Cale Makar Kris Letang 50 1 2 2
2 Alec Martinez Jeremy Lauzon 50 1 2 2
4 vs 4 Forward
Center Wing Time % Phy DF OF
1 Bo Horvat Sebastian Aho 50 1 2 2
2 J.T. Miller Joel Eriksson Ek 50 1 2 2
4 vs 4 Defense
Defense Defense Time % Phy DF OF
1 Cale Makar Kris Letang 50 1 2 2
2 Jeremy Lauzon Alec Martinez 50 1 2 2
Last Minutes Offensive
Center Left Wing Right Wing Defense Defense
Bo Horvat Sebastian Aho Zach Hyman Cale Makar Kris Letang
Last Minutes Defensive
Center Left Wing Right Wing Defense Defense
Bo Horvat Sebastian Aho Zach Hyman Cale Makar Kris Letang
Goaltenders
Starting : Anton Forsberg
Backup : Ilya Sorokin
Extra Forwards
Normal : Nic Dowd, Ben Meyers, Matthew Tkachuk - PP : Nic Dowd, Ben Meyers - PK : Matthew Tkachuk
Extra Defensemen
Normal : Jeremy Lauzon, Alec Martinez, Kris Letang - PP : Jeremy Lauzon - PK : Alec Martinez, Cale Makar
Penalty Shots
Bo Horvat, Sebastian Aho, J.T. Miller, Joel Eriksson Ek, Zach Hyman
Scratches
Drew Doughty (Healthy), Angus Crookshank (Healthy)
Vancouver Canucks
5 vs 5 Forward
Center Left Wing Right Wing Time % Phy DF OF
1 Clayton Keller Artturi Lehkonen Mikko Rantanen 37 1 1 3
2 Aleksander Barkov Connor Zary Anton Lundell 28 1 2 2
3 Sean Couturier Jesperi Kotkaniemi Bobby McMann 21 1 2 2
4 Anton Lundell Matias Maccelli Brett Leason 14 1 3 1
5 vs 5 Defense
Defense Defense Time % Phy DF OF
1 Noah Hanifin Miro Heiskanen 30 1 2 2
2 Ryan McDonagh Joel Hanley 30 1 2 2
3 Jake Bean Emil Martinsen Lilleberg 25 1 2 2
4 Noah Hanifin Miro Heiskanen 15 1 2 2
PowerPlay Forward
Center Left Wing Right Wing Time % Phy DF OF
1 Aleksander Barkov Clayton Keller Mikko Rantanen 50 0 1 4
2 Casey Mittelstadt Connor Zary Artturi Lehkonen 50 0 1 4
PowerPlay Defense
Defense Defense Time % Phy DF OF
1 Noah Hanifin Miro Heiskanen 50 0 1 4
2 Ryan McDonagh Joel Hanley 50 0 1 4
Penalty Kill 4 Players Forward
Center Wing Time % Phy DF OF
1 Anton Lundell Brett Leason 50 1 2 2
2 Aleksander Barkov Artturi Lehkonen 50 1 2 2
Penalty Kill 4 Players Defense
Defense Defense Time % Phy DF OF
1 Ryan McDonagh Joel Hanley 50 1 2 2
2 Noah Hanifin Miro Heiskanen 50 1 2 2
Penalty Kill - 3 Players Forward
Forward Time % Phy DF OF
1 Anton Lundell 50 1 2 2
2 Brett Leason 50 1 2 2
Penalty Kill - 3 Players Defense
Defense Defense Time % Phy DF OF
1 Ryan McDonagh Joel Hanley 50 1 2 2
2 Noah Hanifin Miro Heiskanen 50 1 2 2
4 vs 4 Forward
Center Wing Time % Phy DF OF
1 Aleksander Barkov Mikko Rantanen 50 1 2 2
2 Clayton Keller Artturi Lehkonen 50 1 2 2
4 vs 4 Defense
Defense Defense Time % Phy DF OF
1 Noah Hanifin Miro Heiskanen 50 1 2 2
2 Ryan McDonagh Joel Hanley 50 1 2 2
Last Minutes Offensive
Center Left Wing Right Wing Defense Defense
Aleksander Barkov Clayton Keller Mikko Rantanen Noah Hanifin Miro Heiskanen
Last Minutes Defensive
Center Left Wing Right Wing Defense Defense
Anton Lundell Artturi Lehkonen Brett Leason Ryan McDonagh Joel Hanley
Goaltenders
Starting : Cam Talbot
Backup : Justus Annunen
Extra Forwards
Normal : Mikko Rantanen, Artturi Lehkonen, Clayton Keller - PP : Mikko Rantanen, Clayton Keller - PK : Anton Lundell
Extra Defensemen
Normal : Miro Heiskanen, Noah Hanifin, Ryan McDonagh - PP : Miro Heiskanen - PK : Ryan McDonagh, Joel Hanley
Penalty Shots
Aleksander Barkov, Anton Lundell, Artturi Lehkonen, Jesperi Kotkaniemi, Noah Hanifin
Scratches
Ty Dellandrea (Healthy), Jacob Bernard-Docker (Healthy), Eemil Viro (Healthy), Jacob Bryson (Healthy)
% Time on Ice - Calgary Flames
Lines # - Real PCT - Wanted PCT - Time Play
Normal Forward
1 - 27% - 30% - 14:11
2 - 28% - 30% - 14:50
3 - 23% - 25% - 12:09
4 - 22% - 15% - 11:22
Normal Defense
1 - 34% - 35% - 18:06
2 - 35% - 35% - 18:31
3 - 30% - 30% - 15:55
4 - 0% - 0% - 0:00
PP Forward
1 - 50% - 50% - 1:58
2 - 50% - 50% - 2:00
PP Defense
1 - 47% - 50% - 1:51
2 - 53% - 50% - 2:07
PK Forward
1 - 55% - 50% - 1:16
2 - 45% - 50% - 1:01
PK Defense
1 - 53% - 50% - 1:13
2 - 47% - 50% - 1:04
PK3 Forward
1 - 0% - 50%
2 - 0% - 50%
PK3 Defense
1 - 0% - 50%
2 - 0% - 50%
44 Forward
1 - 0% - 50%
2 - 0% - 50%
44 Defense
1 - 0% - 50%
2 - 0% - 50%
Last Minute Offensive - 0:00
Last Minute Defensive - 1:13
Total
Forward - 60:00
Defense - 60:00
|
% Time on Ice - Vancouver Canucks
Lines # - Real PCT - Wanted PCT - Time Play
Normal Forward
1 - 31% - 37% - 16:20
2 - 29% - 28% - 15:22
3 - 26% - 21% - 13:27
4 - 14% - 14% - 7:24
Normal Defense
1 - 30% - 30% - 15:47
2 - 30% - 30% - 15:46
3 - 27% - 25% - 14:02
4 - 13% - 15% - 6:58
PP Forward
1 - 45% - 50% - 1:01
2 - 55% - 50% - 1:16
PP Defense
1 - 48% - 50% - 1:06
2 - 52% - 50% - 1:11
PK Forward
1 - 49% - 50% - 1:57
2 - 51% - 50% - 2:01
PK Defense
1 - 48% - 50% - 1:54
2 - 52% - 50% - 2:04
PK3 Forward
1 - 0% - 50%
2 - 0% - 50%
PK3 Defense
1 - 0% - 50%
2 - 0% - 50%
44 Forward
1 - 0% - 50%
2 - 0% - 50%
44 Defense
1 - 0% - 50%
2 - 0% - 50%
Last Minute Offensive - 1:12
Last Minute Defensive - 0:00
Total
Forward - 60:00
Defense - 60:00
|
Play-by-Play
1st period
0:01 of 1st period - Clayton Keller wins face-off versus Bo Horvat in neutral zone.
0:06 of 1st period - Wrist shot by Mikko Rantanen.
0:06 of 1st period - Stopped by Anton Forsberg with a rebound.
0:08 of 1st period - Snap shot by Artturi Lehkonen.
0:08 of 1st period - Stopped by Anton Forsberg without a rebound.
0:09 of 1st period - Bo Horvat wins face-off versus Clayton Keller in Calgary Flames zone.
0:14 of 1st period - Wrist shot by Sebastian Aho.
0:14 of 1st period - Stopped by Cam Talbot without a rebound.
0:15 of 1st period - J.T. Miller wins face-off versus Aleksander Barkov in Vancouver Canucks zone.
1:38 of 1st period - Icing by Bo Horvat.
1:39 of 1st period - Sean Couturier wins face-off versus J.T. Miller in Calgary Flames zone.
1:42 of 1st period - Snap shot by Bobby McMann.
1:42 of 1st period - Shot Blocked by Filip Hronek.
1:56 of 1st period - Jesperi Kotkaniemi is hit by Mathieu Joseph and loses puck.
2:15 of 1st period - Snap shot by Matthew Tkachuk.
2:15 of 1st period - Stopped by Cam Talbot with a rebound.
2:17 of 1st period - Slapshot by Jeremy Lauzon.
2:17 of 1st period - Shot Blocked by Noah Hanifin.
2:38 of 1st period - Wrist shot by Mikko Rantanen.
2:38 of 1st period - Stopped by Anton Forsberg without a rebound.
2:39 of 1st period - Aleksander Barkov wins face-off versus Nic Dowd in Calgary Flames zone.
5:44 of 1st period - Slapshot by Chris Kreider.
5:44 of 1st period - Shot Misses the Net.
5:46 of 1st period - Snap shot by Nic Dowd.
5:46 of 1st period - Stopped by Cam Talbot with a rebound.
5:48 of 1st period - Backhand shot by Nic Dowd.
5:48 of 1st period - Shot Misses the Net.
5:52 of 1st period - Snap shot by Nick Paul.
5:52 of 1st period - Stopped by Cam Talbot with a rebound.
5:54 of 1st period - Slapshot by Filip Hronek.
5:54 of 1st period - Stopped by Cam Talbot without a rebound.
5:55 of 1st period - Bo Horvat wins face-off versus Artturi Lehkonen in Vancouver Canucks zone.
6:10 of 1st period - Snap shot by Artturi Lehkonen.
6:10 of 1st period - Stopped by Anton Forsberg with a rebound.
6:26 of 1st period - Wrist shot by Sean Couturier.
6:26 of 1st period - Stopped by Anton Forsberg with a rebound.
7:17 of 1st period - Snap shot by Matias Maccelli.
7:17 of 1st period - Stopped by Anton Forsberg with a rebound.
7:19 of 1st period - Wrist shot by Joel Hanley.
7:19 of 1st period - Shot Blocked by Sebastian Aho.
7:37 of 1st period - Matthew Tkachuk is hit by Bobby McMann and loses puck.
8:04 of 1st period - Cale Makar is hit by Aleksander Barkov and loses puck.
8:23 of 1st period - Snap shot by Bobby McMann.
8:23 of 1st period - Shot Blocked by Zach Hyman.
8:25 of 1st period - Slapshot by Joel Hanley.
8:25 of 1st period - Deflect By Cale Makar.
8:25 of 1st period - Stopped by Anton Forsberg with a rebound.
8:35 of 1st period - Sebastian Aho is hit by Anton Lundell and loses puck.
8:45 of 1st period - Icing by Kris Letang.
8:46 of 1st period - Joel Eriksson Ek wins face-off versus Clayton Keller in Calgary Flames zone.
8:51 of 1st period - Slapshot by Matthew Tkachuk.
8:51 of 1st period - Shot Misses the Net.
8:53 of 1st period - Slapshot by Cale Makar.
8:53 of 1st period - Deflect By Joel Eriksson Ek.
8:53 of 1st period - Shot Blocked by Jake Bean.
8:53 of 1st period - Puck is out of play.
8:54 of 1st period - Clayton Keller wins face-off versus Mathieu Joseph in Vancouver Canucks zone.
8:54 of 1st period - Clayton Keller is hit by Chris Kreider.
9:24 of 1st period - Wrist shot by Joel Eriksson Ek.
9:24 of 1st period - Shot Misses the Net.
9:26 of 1st period - Slapshot by Filip Hronek.
9:26 of 1st period - Deflect By Joel Eriksson Ek.
9:26 of 1st period - Shot Misses the Net.
9:26 of 1st period - Puck is out of play.
9:27 of 1st period - Aleksander Barkov wins face-off versus Pavel Zacha in Vancouver Canucks zone.
9:41 of 1st period - Snap shot by Joel Eriksson Ek.
9:41 of 1st period - Goal by Joel Eriksson Ek - Calgary Flames : 1 - Vancouver Canucks : 0.
9:42 of 1st period - Sebastian Aho wins face-off versus Clayton Keller in neutral zone.
9:58 of 1st period - Off-side.
9:59 of 1st period - J.T. Miller wins face-off versus Anton Lundell in neutral zone.
10:28 of 1st period - Snap shot by Clayton Keller.
10:28 of 1st period - Stopped by Anton Forsberg with a rebound.
10:30 of 1st period - Snap shot by Miro Heiskanen.
10:30 of 1st period - Stopped by Anton Forsberg with a rebound.
10:32 of 1st period - Snap shot by Artturi Lehkonen.
10:32 of 1st period - Stopped by Anton Forsberg without a rebound.
10:33 of 1st period - Clayton Keller wins face-off versus Joel Eriksson Ek in Calgary Flames zone.
10:36 of 1st period - Snap shot by Mikko Rantanen.
10:36 of 1st period - Shot Blocked by Uvis Balinskis.
10:42 of 1st period - Slapshot by Mikko Rantanen.
10:42 of 1st period - Stopped by Anton Forsberg with a rebound.
11:26 of 1st period - Wrist shot by Joel Eriksson Ek.
11:26 of 1st period - Shot Misses the Net.
11:28 of 1st period - Snap shot by Matthew Tkachuk.
11:28 of 1st period - Goal by Matthew Tkachuk - Calgary Flames : 2 - Vancouver Canucks : 0.
11:29 of 1st period - Bo Horvat wins face-off versus Aleksander Barkov in neutral zone.
11:32 of 1st period - Wrist shot by Zach Hyman.
11:32 of 1st period - Shot Blocked by Miro Heiskanen.
12:02 of 1st period - Snap shot by J.T. Miller.
12:02 of 1st period - Stopped by Cam Talbot with a rebound.
12:04 of 1st period - Slapshot by Jeremy Lauzon.
12:04 of 1st period - Shot Misses the Net.
12:06 of 1st period - Snap shot by Mathieu Joseph.
12:06 of 1st period - Shot Blocked by Anton Lundell.
12:21 of 1st period - Wrist shot by Bobby McMann.
12:21 of 1st period - Shot Blocked by Jeremy Lauzon.
12:25 of 1st period - Snap shot by Bobby McMann.
12:25 of 1st period - Deflect By Sean Couturier.
12:25 of 1st period - Goal by Sean Couturier - Calgary Flames : 2 - Vancouver Canucks : 1.
12:26 of 1st period - Bo Horvat wins face-off versus Aleksander Barkov in neutral zone.
12:50 of 1st period - Anton Lundell is hit by Zach Hyman and loses puck.
12:59 of 1st period - Wrist shot by Anton Lundell.
12:59 of 1st period - Stopped by Anton Forsberg with a rebound.
13:01 of 1st period - Slapshot by Joel Hanley.
13:01 of 1st period - Shot Blocked by Bo Horvat.
13:03 of 1st period - Snap shot by Ryan McDonagh.
13:03 of 1st period - Shot Blocked by Cale Makar.
13:05 of 1st period - Snap shot by Anton Lundell.
13:05 of 1st period - Stopped by Anton Forsberg with a rebound.
13:07 of 1st period - Snap shot by Aleksander Barkov.
13:07 of 1st period - Stopped by Anton Forsberg with a rebound.
13:09 of 1st period - Slapshot by Anton Lundell.
13:09 of 1st period - Stopped by Anton Forsberg without a rebound.
13:10 of 1st period - Clayton Keller wins face-off versus J.T. Miller in Calgary Flames zone.
13:17 of 1st period - Slapshot by Clayton Keller.
13:17 of 1st period - Stopped by Anton Forsberg with a rebound.
13:19 of 1st period - Slapshot by Artturi Lehkonen.
13:19 of 1st period - Deflect By Mikko Rantanen.
13:19 of 1st period - Stopped by Anton Forsberg with a rebound.
13:21 of 1st period - Slapshot by Noah Hanifin.
13:21 of 1st period - Stopped by Anton Forsberg without a rebound.
13:22 of 1st period - Mikko Rantanen wins face-off versus J.T. Miller in Calgary Flames zone.
13:40 of 1st period - Penalty Shot by Chris Kreider for Calgary Flames.
13:40 of 1st period - Deke by Chris Kreider.
13:40 of 1st period - Stopped by Cam Talbot.
13:41 of 1st period - Nic Dowd wins face-off versus Aleksander Barkov in Calgary Flames zone.
13:45 of 1st period - Aleksander Barkov is hit by Jeremy Lauzon and loses puck.
13:50 of 1st period - Wrist shot by Nick Paul.
13:50 of 1st period - Stopped by Cam Talbot without a rebound.
13:51 of 1st period - Aleksander Barkov wins face-off versus Nic Dowd in Vancouver Canucks zone.
14:11 of 1st period - Snap shot by Ben Meyers.
14:11 of 1st period - Shot Misses the Net.
14:27 of 1st period - Wrist shot by Nick Paul.
14:27 of 1st period - Shot Misses the Net.
14:29 of 1st period - Wrist shot by Jeremy Lauzon.
14:29 of 1st period - Shot Blocked by Aleksander Barkov.
14:31 of 1st period - Wrist shot by Nic Dowd.
14:31 of 1st period - Stopped by Cam Talbot with a rebound.
14:33 of 1st period - Slapshot by Jeremy Lauzon.
14:33 of 1st period - Shot Blocked by Miro Heiskanen.
14:39 of 1st period - Wrist shot by Nick Paul.
14:39 of 1st period - Stopped by Cam Talbot without a rebound.
14:40 of 1st period - J.T. Miller wins face-off versus Clayton Keller in Vancouver Canucks zone.
14:41 of 1st period - Snap shot by Chris Kreider.
14:41 of 1st period - Stopped by Cam Talbot without a rebound.
14:42 of 1st period - Mikko Rantanen wins face-off versus Mathieu Joseph in Vancouver Canucks zone.
14:48 of 1st period - Off-side.
14:49 of 1st period - J.T. Miller wins face-off versus Clayton Keller in neutral zone.
14:52 of 1st period - Artturi Lehkonen is hit by Uvis Balinskis and loses puck.
15:17 of 1st period - Wrist shot by Clayton Keller.
15:17 of 1st period - Shot Misses the Net.
15:22 of 1st period - Icing by J.T. Miller.
15:23 of 1st period - Sean Couturier wins face-off versus J.T. Miller in Calgary Flames zone.
15:24 of 1st period - Wrist shot by Bobby McMann.
15:24 of 1st period - Shot Blocked by Filip Hronek.
15:36 of 1st period - Snap shot by Chris Kreider.
15:36 of 1st period - Goal by Chris Kreider - Calgary Flames : 3 - Vancouver Canucks : 1.
15:37 of 1st period - Bo Horvat wins face-off versus Anton Lundell in neutral zone.
15:48 of 1st period - Wrist shot by Sebastian Aho.
15:48 of 1st period - Shot Misses the Net.
15:50 of 1st period - Slapshot by Cale Makar.
15:50 of 1st period - Shot Misses the Net.
15:52 of 1st period - Slapshot by Sebastian Aho.
15:52 of 1st period - Shot Misses the Net.
16:28 of 1st period - Mathieu Joseph is hit by Clayton Keller and loses puck.
17:31 of 1st period - Slapshot by Cale Makar.
17:31 of 1st period - Stopped by Cam Talbot with a rebound.
17:43 of 1st period - Snap shot by Joel Eriksson Ek.
17:43 of 1st period - Stopped by Cam Talbot without a rebound.
17:44 of 1st period - J.T. Miller wins face-off versus Clayton Keller in Vancouver Canucks zone.
17:59 of 1st period - Slapshot by Cale Makar.
17:59 of 1st period - Shot Blocked by Jake Bean.
18:17 of 1st period - Off-side.
18:18 of 1st period - Aleksander Barkov wins face-off versus Joel Eriksson Ek in neutral zone.
18:23 of 1st period - Slapshot by Anton Lundell.
18:23 of 1st period - Shot Blocked by Joel Eriksson Ek.
18:29 of 1st period - Snap shot by Joel Eriksson Ek.
18:29 of 1st period - Shot Misses the Net.
18:31 of 1st period - Wrist shot by Matthew Tkachuk.
18:31 of 1st period - Goal by Matthew Tkachuk - Calgary Flames : 4 - Vancouver Canucks : 1.
18:32 of 1st period - Clayton Keller wins face-off versus Zach Hyman in neutral zone.
19:27 of 1st period - Snap shot by Anton Lundell.
19:27 of 1st period - Shot Misses the Net.
Goals for this period are 4 for Calgary Flames vs 1 for Vancouver Canucks.
Shots for this period are 16 for Calgary Flames vs 19 for Vancouver Canucks.
2nd period
0:01 of 2nd period - Clayton Keller wins face-off versus Zach Hyman in neutral zone.
0:26 of 2nd period - Alec Martinez is hit by Anton Lundell and loses puck.
1:04 of 2nd period - Minor Penalty to Mathieu Joseph for Hooking.
1:05 of 2nd period - Aleksander Barkov wins face-off versus Bo Horvat in Calgary Flames zone.
3:04 of 2nd period - Penalty to Mathieu Joseph is over, Mathieu Joseph is back on ice.
3:15 of 2nd period - Off-side.
3:16 of 2nd period - Sean Couturier wins face-off versus Nic Dowd in neutral zone.
3:31 of 2nd period - Emil Martinsen Lilleberg is hit by Nick Paul and loses puck.
3:42 of 2nd period - Wrist shot by Nick Paul.
3:42 of 2nd period - Shot Misses the Net.
3:44 of 2nd period - Slapshot by Uvis Balinskis.
3:44 of 2nd period - Stopped by Cam Talbot without a rebound.
3:45 of 2nd period - Clayton Keller wins face-off versus Bo Horvat in Vancouver Canucks zone.
3:45 of 2nd period - Clayton Keller is hit by Sebastian Aho.
4:11 of 2nd period - Matthew Tkachuk is hit by Anton Lundell and loses puck.
4:43 of 2nd period - Snap shot by Nic Dowd.
4:43 of 2nd period - Stopped by Cam Talbot without a rebound.
4:44 of 2nd period - Bo Horvat wins face-off versus Clayton Keller in Vancouver Canucks zone.
4:49 of 2nd period - Snap shot by Bo Horvat.
4:49 of 2nd period - Deflect By Zach Hyman.
4:49 of 2nd period - Shot Misses the Net.
4:49 of 2nd period - Puck is out of play.
4:50 of 2nd period - Clayton Keller wins face-off versus Bo Horvat in Vancouver Canucks zone.
4:50 of 2nd period - Clayton Keller is hit by Bo Horvat.
5:59 of 2nd period - Bobby McMann is hit by Nick Paul and loses puck.
6:36 of 2nd period - Slapshot by Bobby McMann.
6:36 of 2nd period - Stopped by Anton Forsberg with a rebound.
6:48 of 2nd period - Sean Couturier is hit by Cale Makar and loses puck.
7:19 of 2nd period - Snap shot by Sean Couturier.
7:19 of 2nd period - Shot Misses the Net.
7:25 of 2nd period - Bobby McMann is hit by Kris Letang and loses puck.
7:30 of 2nd period - Wrist shot by J.T. Miller.
7:30 of 2nd period - Shot Blocked by Noah Hanifin.
7:32 of 2nd period - Slapshot by Cale Makar.
7:32 of 2nd period - Shot Blocked by Sean Couturier.
7:36 of 2nd period - Wrist shot by Mathieu Joseph.
7:36 of 2nd period - Stopped by Cam Talbot without a rebound.
7:37 of 2nd period - Bo Horvat wins face-off versus Clayton Keller in Vancouver Canucks zone.
7:40 of 2nd period - Wrist shot by Sebastian Aho.
7:40 of 2nd period - Shot Blocked by Mikko Rantanen.
7:42 of 2nd period - Snap shot by Jeremy Lauzon.
7:42 of 2nd period - Deflect By Artturi Lehkonen.
7:42 of 2nd period - Stopped by Cam Talbot with a rebound.
7:44 of 2nd period - Snap shot by Sebastian Aho.
7:44 of 2nd period - Shot Misses the Net.
7:46 of 2nd period - Snap shot by Sebastian Aho.
7:46 of 2nd period - Stopped by Cam Talbot without a rebound.
7:47 of 2nd period - Clayton Keller wins face-off versus Bo Horvat in Vancouver Canucks zone.
7:49 of 2nd period - Minor Penalty to Artturi Lehkonen for Cross-checking.
7:50 of 2nd period - Bo Horvat wins face-off versus Anton Lundell in Vancouver Canucks zone.
9:49 of 2nd period - Penalty to Artturi Lehkonen is over, Artturi Lehkonen is back on ice.
10:03 of 2nd period - Uvis Balinskis is hit by Joel Hanley and loses puck.
11:08 of 2nd period - Sean Couturier is hit by Chris Kreider and loses puck.
11:21 of 2nd period - Aleksander Barkov is hit by Matthew Tkachuk and loses puck.
12:10 of 2nd period - Icing by Filip Hronek.
12:11 of 2nd period - Aleksander Barkov wins face-off versus Ben Meyers in Calgary Flames zone.
12:28 of 2nd period - Alec Martinez is hit by Sean Couturier and loses puck.
12:33 of 2nd period - Snap shot by Bobby McMann.
12:33 of 2nd period - Stopped by Anton Forsberg without a rebound.
12:34 of 2nd period - Bo Horvat wins face-off versus Sean Couturier in Calgary Flames zone.
12:41 of 2nd period - Snap shot by Sean Couturier.
12:41 of 2nd period - Stopped by Anton Forsberg without a rebound.
12:42 of 2nd period - Bo Horvat wins face-off versus Clayton Keller in Calgary Flames zone.
13:06 of 2nd period - Wrist shot by Bo Horvat.
13:06 of 2nd period - Shot Misses the Net.
13:18 of 2nd period - Slapshot by Aleksander Barkov.
13:18 of 2nd period - Goal by Aleksander Barkov - Calgary Flames : 4 - Vancouver Canucks : 2.
13:19 of 2nd period - Clayton Keller wins face-off versus Pavel Zacha in neutral zone.
13:54 of 2nd period - Snap shot by Aleksander Barkov.
13:54 of 2nd period - Shot Misses the Net.
13:56 of 2nd period - Snap shot by Joel Hanley.
13:56 of 2nd period - Stopped by Anton Forsberg with a rebound.
13:58 of 2nd period - Slapshot by Anton Lundell.
13:58 of 2nd period - Stopped by Anton Forsberg with a rebound.
14:05 of 2nd period - Icing by Filip Hronek.
14:06 of 2nd period - J.T. Miller wins face-off versus Sean Couturier in Calgary Flames zone.
14:42 of 2nd period - Snap shot by Pavel Zacha.
14:42 of 2nd period - Stopped by Cam Talbot without a rebound.
14:43 of 2nd period - Bo Horvat wins face-off versus Aleksander Barkov in Vancouver Canucks zone.
14:44 of 2nd period - Slapshot by Sebastian Aho.
14:44 of 2nd period - Stopped by Cam Talbot without a rebound.
14:45 of 2nd period - Aleksander Barkov wins face-off versus Bo Horvat in Vancouver Canucks zone.
16:33 of 2nd period - Icing by Ben Meyers.
16:34 of 2nd period - Sean Couturier wins face-off versus Nic Dowd in Calgary Flames zone.
16:41 of 2nd period - Snap shot by Jesperi Kotkaniemi.
16:41 of 2nd period - Stopped by Anton Forsberg with a rebound.
17:26 of 2nd period - Ben Meyers is hit by Anton Lundell and loses puck.
17:39 of 2nd period - Wrist shot by Connor Zary.
17:39 of 2nd period - Stopped by Anton Forsberg with a rebound.
18:12 of 2nd period - Slapshot by Aleksander Barkov.
18:12 of 2nd period - Deflect By Connor Zary.
18:12 of 2nd period - Stopped by Anton Forsberg with a rebound.
18:28 of 2nd period - Snap shot by Connor Zary.
18:28 of 2nd period - Shot Misses the Net.
18:55 of 2nd period - Minor Penalty to Anton Lundell for High sticking.
18:56 of 2nd period - J.T. Miller wins face-off versus Casey Mittelstadt in Vancouver Canucks zone.
19:06 of 2nd period - Snap shot by Alec Martinez.
19:06 of 2nd period - Deflect By Chris Kreider.
19:06 of 2nd period - Stopped by Cam Talbot without a rebound.
19:07 of 2nd period - J.T. Miller wins face-off versus Casey Mittelstadt in Vancouver Canucks zone.
19:18 of 2nd period - Snap shot by Chris Kreider.
19:18 of 2nd period - Shot Blocked by Miro Heiskanen.
Goals for this period are 0 for Calgary Flames vs 1 for Vancouver Canucks.
Shots for this period are 8 for Calgary Flames vs 9 for Vancouver Canucks.
3rd period
0:01 of 3rd period - Brett Leason wins face-off versus J.T. Miller in neutral zone.
0:16 of 3rd period - Mathieu Joseph is hit by Brett Leason and loses puck.
0:29 of 3rd period - Wrist shot by Aleksander Barkov.
0:29 of 3rd period - Shot Misses the Net.
0:55 of 3rd period - Penalty to Anton Lundell is over, Anton Lundell is back on ice.
1:27 of 3rd period - Snap shot by Artturi Lehkonen.
1:27 of 3rd period - Shot Misses the Net.
2:03 of 3rd period - Chris Kreider is hit by Anton Lundell and loses puck.
2:22 of 3rd period - Snap shot by Bobby McMann.
2:22 of 3rd period - Stopped by Anton Forsberg with a rebound.
2:24 of 3rd period - Wrist shot by Sean Couturier.
2:24 of 3rd period - Stopped by Anton Forsberg without a rebound.
2:25 of 3rd period - Sean Couturier wins face-off versus Bo Horvat in Calgary Flames zone.
2:26 of 3rd period - Wrist shot by Bobby McMann.
2:26 of 3rd period - Stopped by Anton Forsberg with a rebound.
2:42 of 3rd period - Snap shot by Zach Hyman.
2:42 of 3rd period - Stopped by Cam Talbot with a rebound.
2:52 of 3rd period - Chris Kreider is hit by Miro Heiskanen and loses puck.
3:18 of 3rd period - Off-side.
3:19 of 3rd period - Anton Lundell wins face-off versus Joel Eriksson Ek in neutral zone.
3:29 of 3rd period - Snap shot by Matias Maccelli.
3:29 of 3rd period - Stopped by Anton Forsberg with a rebound.
3:31 of 3rd period - Wrist shot by Anton Lundell.
3:31 of 3rd period - Shot Blocked by Kris Letang.
3:33 of 3rd period - Snap shot by Anton Lundell.
3:33 of 3rd period - Shot Misses the Net.
3:35 of 3rd period - Slapshot by Matias Maccelli.
3:35 of 3rd period - Stopped by Anton Forsberg with a rebound.
3:43 of 3rd period - Matthew Tkachuk is hit by Brett Leason and loses puck.
4:11 of 3rd period - Slapshot by Matthew Tkachuk.
4:11 of 3rd period - Shot Misses the Net.
4:25 of 3rd period - Slapshot by Ryan McDonagh.
4:25 of 3rd period - Shot Blocked by Cale Makar.
4:31 of 3rd period - Slapshot by Cale Makar.
4:31 of 3rd period - Stopped by Cam Talbot with a rebound.
4:33 of 3rd period - Wrist shot by Joel Eriksson Ek.
4:33 of 3rd period - Shot Misses the Net.
4:53 of 3rd period - Snap shot by Joel Eriksson Ek.
4:53 of 3rd period - Stopped by Cam Talbot with a rebound.
4:55 of 3rd period - Snap shot by Pavel Zacha.
4:55 of 3rd period - Shot Blocked by Joel Hanley.
4:57 of 3rd period - Slapshot by Pavel Zacha.
4:57 of 3rd period - Stopped by Cam Talbot without a rebound.
4:58 of 3rd period - Bo Horvat wins face-off versus Clayton Keller in Vancouver Canucks zone.
5:25 of 3rd period - Noah Hanifin is hit by Jeremy Lauzon and loses puck.
5:32 of 3rd period - Snap shot by Nick Paul.
5:32 of 3rd period - Stopped by Cam Talbot with a rebound.
5:44 of 3rd period - Filip Hronek is hit by Mikko Rantanen and loses puck.
5:53 of 3rd period - Artturi Lehkonen is hit by J.T. Miller and loses puck.
6:14 of 3rd period - Artturi Lehkonen is hit by Zach Hyman and loses puck.
6:25 of 3rd period - Jake Bean is hit by Ben Meyers.
6:47 of 3rd period - Mathieu Joseph is hit by Joel Hanley and loses puck.
7:27 of 3rd period - Off-side.
7:28 of 3rd period - Sean Couturier wins face-off versus Nic Dowd in neutral zone.
7:28 of 3rd period - Miro Heiskanen is hit by Nic Dowd and loses puck.
7:59 of 3rd period - Slapshot by Zach Hyman.
7:59 of 3rd period - Stopped by Cam Talbot with a rebound.
8:01 of 3rd period - Slapshot by Bo Horvat.
8:01 of 3rd period - Shot Misses the Net.
8:26 of 3rd period - Filip Hronek is hit by Bobby McMann and loses puck.
8:37 of 3rd period - Snap shot by Chris Kreider.
8:37 of 3rd period - Stopped by Cam Talbot without a rebound.
8:38 of 3rd period - Aleksander Barkov wins face-off versus J.T. Miller in Vancouver Canucks zone.
8:38 of 3rd period - Aleksander Barkov is hit by J.T. Miller.
8:48 of 3rd period - Wrist shot by Aleksander Barkov.
8:48 of 3rd period - Shot Blocked by J.T. Miller.
9:02 of 3rd period - Slapshot by Anton Lundell.
9:02 of 3rd period - Shot Blocked by Jeremy Lauzon.
9:04 of 3rd period - Snap shot by Anton Lundell.
9:04 of 3rd period - Shot Blocked by Alec Martinez.
9:06 of 3rd period - Wrist shot by Matias Maccelli.
9:06 of 3rd period - Stopped by Anton Forsberg with a rebound.
9:12 of 3rd period - Minor Penalty to Jeremy Lauzon for Hooking.
9:13 of 3rd period - J.T. Miller wins face-off versus Casey Mittelstadt in Calgary Flames zone.
9:24 of 3rd period - Snap shot by Casey Mittelstadt.
9:24 of 3rd period - Stopped by Anton Forsberg with a rebound.
9:26 of 3rd period - Slapshot by Joel Hanley.
9:26 of 3rd period - Shot Misses the Net.
9:28 of 3rd period - Wrist shot by Ryan McDonagh.
9:28 of 3rd period - Stopped by Anton Forsberg with a rebound.
9:30 of 3rd period - Snap shot by Artturi Lehkonen.
9:30 of 3rd period - Goal by Artturi Lehkonen - Calgary Flames : 4 - Vancouver Canucks : 3.
9:31 of 3rd period - Bo Horvat wins face-off versus Clayton Keller in neutral zone.
9:45 of 3rd period - Snap shot by Mikko Rantanen.
9:45 of 3rd period - Stopped by Anton Forsberg with a rebound.
10:40 of 3rd period - Snap shot by Alec Martinez.
10:40 of 3rd period - Stopped by Cam Talbot without a rebound.
10:41 of 3rd period - Anton Lundell wins face-off versus Nic Dowd in Vancouver Canucks zone.
11:12 of 3rd period - Snap shot by Clayton Keller.
11:12 of 3rd period - Stopped by Anton Forsberg with a rebound.
11:14 of 3rd period - Wrist shot by Clayton Keller.
11:14 of 3rd period - Shot Misses the Net.
11:16 of 3rd period - Snap shot by Mikko Rantanen.
11:16 of 3rd period - Shot Blocked by Zach Hyman.
11:32 of 3rd period - Snap shot by Chris Kreider.
11:32 of 3rd period - Deflect By J.T. Miller.
11:32 of 3rd period - Shot Misses the Net.
11:32 of 3rd period - Puck is out of play.
11:33 of 3rd period - Aleksander Barkov wins face-off versus Mathieu Joseph in Vancouver Canucks zone.
11:42 of 3rd period - Aleksander Barkov is hit by Chris Kreider and loses puck.
11:47 of 3rd period - Snap shot by J.T. Miller.
11:47 of 3rd period - Stopped by Cam Talbot with a rebound.
11:49 of 3rd period - Snap shot by Filip Hronek.
11:49 of 3rd period - Shot Misses the Net.
12:05 of 3rd period - Slapshot by J.T. Miller.
12:05 of 3rd period - Shot Misses the Net.
12:07 of 3rd period - Wrist shot by Mathieu Joseph.
12:07 of 3rd period - Stopped by Cam Talbot with a rebound.
12:20 of 3rd period - Icing by Alec Martinez.
12:21 of 3rd period - J.T. Miller wins face-off versus Clayton Keller in Calgary Flames zone.
12:27 of 3rd period - Icing by Mikko Rantanen.
12:28 of 3rd period - Bo Horvat wins face-off versus Clayton Keller in Vancouver Canucks zone.
12:43 of 3rd period - Snap shot by Mikko Rantanen.
12:43 of 3rd period - Stopped by Anton Forsberg without a rebound.
12:44 of 3rd period - Joel Eriksson Ek wins face-off versus Aleksander Barkov in Calgary Flames zone.
12:48 of 3rd period - Off-side.
12:49 of 3rd period - Joel Eriksson Ek wins face-off versus Aleksander Barkov in neutral zone.
13:28 of 3rd period - Zach Hyman is hit by Artturi Lehkonen and loses puck.
14:07 of 3rd period - Snap shot by Nick Paul.
14:07 of 3rd period - Stopped by Cam Talbot with a rebound.
14:09 of 3rd period - Wrist shot by Nick Paul.
14:09 of 3rd period - Stopped by Cam Talbot with a rebound.
14:19 of 3rd period - Snap shot by Joel Eriksson Ek.
14:19 of 3rd period - Shot Blocked by Miro Heiskanen.
14:21 of 3rd period - Wrist shot by Joel Eriksson Ek.
14:21 of 3rd period - Deflect By Brett Leason.
14:21 of 3rd period - Stopped by Cam Talbot with a rebound.
14:27 of 3rd period - Slapshot by Matthew Tkachuk.
14:27 of 3rd period - Stopped by Cam Talbot with a rebound.
14:29 of 3rd period - Slapshot by Pavel Zacha.
14:29 of 3rd period - Stopped by Cam Talbot with a rebound.
15:23 of 3rd period - Alec Martinez is hit by Anton Lundell and loses puck.
17:05 of 3rd period - Ryan McDonagh is hit by Mathieu Joseph and loses puck.
17:29 of 3rd period - Miro Heiskanen is hit by Ben Meyers and loses puck.
17:51 of 3rd period - Jesperi Kotkaniemi is hit by Cale Makar and loses puck.
18:28 of 3rd period - Miro Heiskanen is hit by Mathieu Joseph and loses puck.
19:08 of 3rd period - Vancouver Canucks, Cam Talbot is pulled from the net.
19:24 of 3rd period - Backhand shot by Mikko Rantanen.
19:24 of 3rd period - Shot Hit the Post.
Goals for this period are 0 for Calgary Flames vs 1 for Vancouver Canucks.
Shots for this period are 15 for Calgary Flames vs 12 for Vancouver Canucks.
Back to the Top